 Dungeon Crawl Stone Soup version 0.20.1-1-g8b1a95d (webtiles) character file.

3693 equalderp2856 the Cleaver (level 9, 0/79 HPs)
             Began as a Minotaur Fighter on Oct 22, 2017.
             Killed from afar by a wight (14 damage)
             ... with an exploding inner flame
             ... hexed by the player character
             ... on level 8 of the Dungeon.
             The game lasted 00:14:24 (8084 turns).

equalderp2856 the Cleaver (Minotaur Fighter)        Turns: 8084, Time: 00:14:24

Health: 0/79       AC: 18    Str: 22    XL:     9   Next: 90%
Magic:  8/8        EV:  8    Int:  6    God:
Gold:   410        SH: 11    Dex: 11    Spells: 8/8 levels left

rFire    . . .     SeeInvis .   a - +0 war axe
rCold    . . .     Gourm    .   c - +0 shield
rNeg     . . .     Faith    .   B - +3 chain mail
rPois    .         Spirit   .   (helmet restricted)
rElec    .         Reflect  .   (no cloak)
rCorr    .         Harm     .   H - +2 pair of gloves
MR       .....                  C - +0 pair of boots
Stlth    ..........             (no amulet)
Regen    0.3/turn               (no ring)
MPRegen  0.2/turn               (no ring)

@: very slightly contaminated, drained
A: retaliatory headbutt, horns 2
a: no special abilities


You were on level 8 of the Dungeon.
You were hungry.

You visited 1 branch of the dungeon, and saw 9 of its levels.

You collected 410 gold pieces.

Inventory:

Hand Weapons
 a - a +0 war axe (weapon)
Armour
 b - a +0 scale mail
 c - a +0 shield (worn)
 B - a +3 chain mail (worn)
 C - a +0 pair of boots (worn)
 H - a +2 pair of gloves (worn)
Jewellery
 l - an uncursed ring of positive energy {unknown}
 z - an uncursed ring of magical power {unknown}
 G - an uncursed ring of poison resistance {unknown}
 J - an uncursed ring of protection from cold {unknown}
 L - a +2 ring of dexterity {unknown}
Scrolls
 e - 2 scrolls of immolation
 g - 2 scrolls of fog
 j - 4 scrolls of remove curse
 k - 7 scrolls of identify
 v - a scroll of enchant armour
 w - a scroll of fear
 y - a scroll of blinking
Potions
 d - a potion of might
 i - 2 potions of curing
 n - 2 potions of haste {unknown}
 o - 3 potions of brilliance {unknown}
 p - a potion of heal wounds {unknown}
 q - 2 potions of magic {unknown}
 s - a potion of cancellation {unknown}
 t - 2 potions of agility {unknown}
 u - 3 potions of mutation {unknown}
 x - a potion of resistance {unknown}
 E - a potion of berserk rage {unknown}
 F - a potion of flight {unknown}
Books
 A - a book of Flames

   Spells                             Type                      Level
   a - Flame Tongue                   Conjuration/Fire             1
   b - Throw Flame                    Conjuration/Fire             2
   c - Conjure Flame                  Conjuration/Fire             3
   d - Inner Flame                    Hexes/Fire                   3
   e - Sticky Flame                   Conjuration/Fire             4
   f - Fireball                       Conjuration/Fire             5
Comestibles
 f - 7 bread rations
 m - 3 meat rations
 r - 7 fruits


   Skills:
 + Level 7.4 Fighting
 + Level 10.8 Axes
 + Level 8.3 Armour
 + Level 3.5 Dodging
 + Level 0.8 Stealth
 + Level 8.5 Shields


You had 8 spell levels left.
You didn't know any spells.

Dungeon Overview and Level Annotations

Branches:
Dungeon (9/15)             Temple (0/1) D:7
   Lair: D:8-11         Orc: D:9-12

Altars:
Dithmenos
Elyvilon
Makhleb
Nemelex Xobeh
Okawaru
Uskayaw
Yredelemnul

Shops:
D:7 (


Innate Abilities, Weirdness & Mutations

You reflexively headbutt those who attack you in melee.
You have a pair of horns on your head.


Message History

You closely miss the orc warrior. Your headbutt misses the orc warrior.
The orc warrior is lightly wounded.
You miss the quasit. You hit the wight.
The wight explodes!
The fiery explosion engulfs the wight.
The wight explodes!
The fiery explosion engulfs the orc warrior.
The orc warrior is almost dead.
The fiery explosion engulfs the orc.
The orc explodes!
The fiery explosion engulfs the quasit.
The quasit resists.
The quasit explodes!
The fiery explosion engulfs the orc warrior.
The orc warrior explodes!
The fiery explosion engulfs you!
* * * LOW HITPOINT WARNING * * *
The fiery explosion engulfs you!
* * * LOW HITPOINT WARNING * * *
The fiery explosion engulfs you!
You die...

#.########.#.##........#.#.#
#.# #.#.#######...#.#.# #.#
####.#.............#)# #.#
#....###..####...###.# #.#
###### ##.# ###.# #.# #.#
#8###8## #.# #.###.#
#.##8...8.§§8##.# #.....#
#.##......§§§##.# #######
#.#_...%.%§§§@#.#
####.(....§§§####
##8...8...8### ######
##8###8## #..... #########
#.#### #.......# #.#
###.#.#.# #.#
#.....###########.# #
#.#.<....).....##.# #


There were no monsters in sight!

Vanquished Creatures
  The ghost of Schiappus the Ducker, an amateur TrBe of Trog (D:3)
  2 hungry ghosts (D:8)
  Menkaure (D:6)
  2 ice beasts
  A sky beast (D:7)
  A phantom (D:8)
  6 orc warriors
  4 ogres
  6 centaurs
  3 bullfrogs
  A wight (D:8)
  3 howler monkeys
  2 crimson imps
  A quasit (D:8)
  2 jellies (D:7)
  2 orc priests
  3 hounds
  6 iguanas
  8 orc wizards
  3 worker ants
  A hound zombie (D:5)
  3 gnolls (D:8)
  7 adders
  A shadow imp (D:7)
  An ooze (D:2)
  2 adder zombies
  2 adder skeletons
  2 worms
  A dart slug (D:2)
  4 leopard geckos
  38 orcs
  5 bats
  5 giant cockroaches
  14 goblins
  12 hobgoblins
  4 jackals (D:4)
  4 kobolds
  3 quokkas
  4 ball pythons
  8 frilled lizards
  A leopard gecko zombie (D:6)
  7 rats
187 creatures vanquished.

Vanquished Creatures (collateral kills)
  A wight (D:9)
  A centaur zombie (D:9)
2 creatures vanquished.

Grand Total: 189 creatures vanquished

Notes
Turn   | Place    | Note
-------+----------+-------------------------------------------
     0 | D:1      | equalderp2856 the Minotaur Fighter began the quest for the Orb.
     0 | D:1      | Reached XP level 1. HP: 19/19 MP: 0/0
   112 | D:1      | Reached XP level 2. HP: 27/27 MP: 1/1
   650 | D:1      | Reached XP level 3. HP: 33/33 MP: 2/2
   735 | D:2      | Reached skill level 3 in Axes
   882 | D:2      | Found an iron altar of Okawaru.
   886 | D:2      | Found a basalt altar of Yredelemnul.
   936 | D:2      | Reached XP level 4. HP: 29/40 MP: 3/3
  1488 | D:3      | Reached skill level 4 in Axes
  1691 | D:3      | Noticed Schiappus's ghost (amateur TrBe)
  1899 | D:3      | Reached XP level 5. HP: 46/46 MP: 4/4
  1906 | D:3      | Reached skill level 1 in Dodging
  2394 | D:4      | Reached skill level 5 in Axes
  2490 | D:4      | Reached skill level 5 in Shields
  2732 | D:4      | Found a sparkling altar of Nemelex Xobeh.
  2903 | D:4      | Found a shadowy altar of Dithmenos.
  2903 | D:4      | Found a burning altar of Makhleb.
  3026 | D:5      | Entered Level 5 of the Dungeon
  3070 | D:5      | Noticed Menkaure
  3080 | D:5      | Reached XP level 6. HP: 17/53 MP: 5/5
  3145 | D:4      | Reached skill level 5 in Armour
  3807 | D:3      | Killed Schiappus's ghost
  4128 | D:5      | Reached XP level 7. HP: 60/60 MP: 6/6
  4361 | D:5      | Reached skill level 5 in Fighting
  4361 | D:5      | Reached skill level 6 in Axes
  4523 | D:6      | HP: 3/61 [Menkaure (13)]
  4525 | D:6      | Killed Menkaure
  4918 | D:5      | Reached skill level 7 in Axes
  5101 | D:5      | Reached XP level 8. HP: 68/68 MP: 7/7
  5680 | D:7      | Found a staircase to the Ecumenical Temple.
  5691 | D:7      | Reached skill level 8 in Axes
  6182 | D:7      | Reached skill level 9 in Axes
  6182 | D:7      | Reached XP level 9. HP: 75/75 MP: 8/8
  6186 | D:7      | Found Noimmysaocs's Antique Weapon Shop.
  6375 | D:7      | Found a hide-covered altar of Uskayaw.
  7199 | D:8      | Reached skill level 10 in Axes
  7880 | D:8      | Found a white marble altar of Elyvilon.
  8067 | D:9      | Noticed a two-headed ogre
  8069 | D:9      | Identified a scroll of acquirement
  8084 | D:8      | Killed from afar by a wight

Skill      XL: |  1  2  3  4  5  6  7  8  9 |
---------------+----------------------------+-----
Shields        | 4 5 6 7 8 |  8.5
Fighting       | 4 5 6 7 |  7.4
Armour         | 4 5 6 7 8 |  8.3
Axes           | 3 4 5 7 9 10 | 10.8
Dodging        | 1 2 3 |  3.5
Stealth        | |  0.8

Action                   |  1- 3 |  4- 6 |  7- 9 || total
-------------------------+-------+-------+-------++-------
Melee: War axe           |    94 |   180 |   370 ||   644
       Headbutt          |    14 |    31 |    79 ||   124
  Use: Potion            |       |       |     2 ||     2
       Scroll            |       |       |    11 ||    11
  Eat: Chunk             |       |     8 |    12 ||    20
       Royal jelly       |       |     1 |     1 ||     2
       Fruit             |       |       |     5 ||     5
Armor: Scale mail        |    47 |    55 |       ||   102
       Chain mail        |       |    24 |   155 ||   179
Dodge: Dodged            |    32 |    58 |    88 ||   178
Block: Shield            |    64 |   121 |   189 ||   374
